 Dungeon Crawl Stone Soup version 0.24.1 (webtiles) character file.

Game seed: 16411464405644597323, levelgen mode: deterministic

23 BowlsofSteal the Charmwright (level 2, -2/22 HPs)
             Began as a Merfolk Skald on Apr 7, 2020.
             Was an Initiate of Kikubaaqudgha.
             Slain by a worm (7 damage)
             ... on level 2 of the Dungeon.
             The game lasted 00:06:49 (1009 turns).

BowlsofSteal the Charmwright (Merfolk Skald)        Turns: 1009, Time: 00:06:49

Health: -2/22      AC: 11    Str: 11    XL:     2   Next: 95%
Magic:  4/5        EV:  2    Int: 12    God:    Kikubaaqudgha [......]
Gold:   29         SH:  0    Dex: 13    Spells: 2/5 levels left

rFire    . . .     SeeInvis .   a - +0 spear
rCold    . . .     Gourm    .   (no shield)
rNeg     . . .     Faith    .   c - +0 plate armour
rPois    .         Spirit   .   (no helmet)
rElec    .         Reflect  .   (no cloak)
rCorr    .         Harm     .   (no gloves)
MR       .....                  g - +0 pair of boots (curse)
Stlth    ..........             (no amulet)
HPRegen  0.07/turn              (no ring)
MPRegen  0.09/turn              (no ring)

@: very slightly contaminated
A: change form in water, swift swim, stealthy swim
a: Renounce Religion


You were on level 2 of the Dungeon.
You worshipped Kikubaaqudgha.
Kikubaaqudgha was noncommittal.
You were hungry.

You visited 1 branch of the dungeon, and saw 2 of its levels.

You collected 29 gold pieces.

Inventory:

Hand Weapons
 a - a +0 spear (weapon)
Armour
 b - a +0 leather armour
 c - a +0 plate armour (worn)
 e - a +0 robe
 g - a cursed +0 pair of boots (worn)
Scrolls
 f - a scroll of fog {unknown}
 h - a scroll of enchant armour {unknown}
 i - a scroll of identify {unknown}
Comestibles
 d - 2 rations
 j - a chunk of flesh


   Skills:
 + Level 2.3 Fighting
 + Level 3.2 Polearms
 + Level 0.7 Armour
 + Level 3.0 Dodging
 + Level 2.1 Spellcasting
 + Level 4.0 Charms


You had 2 spell levels left.
You knew the following spells:

 Your Spells              Type           Power        Failure   Level  Hunger
a - Infusion              Chrm           ##..         100%        1    ##.....
b - Song of Slaying       Chrm           ##......     100%        2    ###....

Your spell library contained the following spells:

 Spells                   Type           Power        Failure   Level  Hunger
 Magic Dart               Conj           #...         100%        1    ##.....
 Shroud of Golubria       Chrm/Tloc      #.....       100%        2    ###....
 Regeneration             Chrm/Necr      #.........   100%        3    ####...
 Spectral Weapon          Hex/Chrm       #.......     100%        3    ####...


Dungeon Overview and Level Annotations

Branches:
Dungeon (2/15)

Altars:
Kikubaaqudgha
Sif Muna
Vehumet


Message History

The quokka bites you.
Casting: Infusion (safe; 100% risk of failure)
Confirm with . or Enter, or press ? or * to list all spells.
You don't know that spell.
Casting: Infusion (safe; 100% risk of failure)
Confirm with . or Enter, or press ? or * to list all spells.
It is impossible to cast this spell (100% risk of failure)!
Casting: Song of Slaying (very dangerous; 100% risk of failure)
Confirm with . or Enter, or press ? or * to list all spells.
You miscast Infusion.
You are very lightly contaminated with residual magic.
Your skin tingles.
You are feeling hungry.
The quokka bites you.
* * * LOW HITPOINT WARNING * * *
Your plate armour prevents you from hitting the quokka.
The quokka is heavily wounded.
The quokka barely misses you. The worm bites you!
You die...
Kikubaaqudgha rasps: "You have failed me!
Welcome... death!"

.... #.. # ##...8#
#.#.##.#.# ##...###
####.#....#.# #.#.##8##
##..(........ ##...#...#
.##.....##...## #..⌠...._#
..............#####.#..#...#
...........#.....#..##.##8##
..........w#.......#8...###
..#.......r@..###..##...8#
..........###...##.##._.##
.........## ###.##...######
....<....# .##.......<##
..#.....## ##........#. .
##...## #.......... ###.
#........#... ##
###...##..... #....####...


You could see a worm and a quokka.

Vanquished Creatures
  A dart slug (D:1)
  A leopard gecko (D:1)
  5 bats (D:1)
  A giant cockroach (D:1)
  5 goblins (D:1)
  2 hobgoblins (D:1)
  3 rats
  A plant (D:1)
19 creatures vanquished.

Notes
Turn   | Place    | Note
-------+----------+-------------------------------------------
     0 | D:1      | BowlsofSteal the Merfolk Skald began the quest for the Orb.
     0 | D:1      | Reached XP level 1. HP: 16/16 MP: 3/3
   190 | D:1      | Reached XP level 2. HP: 16/22 MP: 5/5
   460 | D:1      | Reached skill level 4 in Charms
   637 | D:1      | Learned a level 2 spell: Song of Slaying
   915 | D:2      | Found a radiant altar of Vehumet.
   922 | D:2      | Identified Vehumet's Catalogue of Attacks
   933 | D:2      | Found an ancient bone altar of Kikubaaqudgha.
   934 | D:2      | Found a shimmering blue altar of Sif Muna.
   962 | D:2      | Became a worshipper of Kikubaaqudgha
  1009 | D:2      | Slain by a worm

Levels and vault maps discovered:
D:1:      lightli_arrival_windingriver, layout_rooms, minmay_pentomino_v2
D:2:      layout_rooms, grunt_temple_overflow_magic_moments,
          hangedman_abyss_or_decor_stabs, chequers_mini_garden

Skill      XL: |  1  2 |
---------------+-------+-----
Dodging        | 3 |  3.0
Charms         | 4 |  4.0
Fighting       | |  2.3
Polearms       | |  3.2
Armour         | |  0.7
Spellcasting   | |  2.1

Action                   || total
-------------------------++-------
Melee: Spear             ||   122
 Cast: Infusion          ||     2
  Use: Potion            ||     3
Armor: Leather armour    ||    40
       Plate armour      ||     8
Dodge: Dodged            ||    53
